 Dungeon Crawl Stone Soup version 0.23.0-3-gf3c87f2 (webtiles) character file.

Game seed: 13972422105609535040

25 Borgoz the Sneak (level 3, -1/20 HPs)
             Began as a Kobold Enchanter on Feb 24, 2019.
             Slain by a frilled lizard (2 damage)
             ... on level 2 of the Dungeon.
             The game lasted 00:02:04 (1993 turns).

Borgoz the Sneak (Kobold Enchanter)                 Turns: 1993, Time: 00:02:04

Health: -1/20      AC:  2    Str:  6    XL:     3   Next: 20%
Magic:  2/6        EV: 15    Int: 16    God:
Gold:   20         SH:  0    Dex: 15    Spells: 0/6 levels left

rFire    . . .     SeeInvis .   a - +1 dagger
rCold    . . .     Gourm    .   (shield restricted)
rNeg     . . .     Faith    .   b - +0 robe
rPois    .         Spirit   .   (no helmet)
rElec    .         Reflect  .   (no cloak)
rCorr    .         Harm     .   (no gloves)
MR       .....                  (no boots)
Stlth    +++.......             (no amulet)
HPRegen  0.06/turn              (no ring)
MPRegen  0.10/turn              (no ring)

@: very slightly contaminated
A: small, carnivore
a: no special abilities


You were on level 2 of the Dungeon.
You were full.

You visited 1 branch of the dungeon, and saw 2 of its levels.

You collected 20 gold pieces.

Inventory:

Hand Weapons
 a - a +1 dagger (weapon)
Armour
 b - a +0 robe (worn)
Potions
 e - a potion of ambrosia {unknown}
 f - a potion of magic {unknown}
 g - a potion of flight {unknown}
Comestibles
 d - 3 rations


   Skills:
 * Level 1.5 Fighting
 + Level 1.8 Short Blades
 + Level 2.7 Dodging
 + Level 4.2 Stealth
 + Level 2.3 Spellcasting
 + Level 3.1 Hexes


You couldn't memorise any spells.
You knew the following spells:

 Your Spells              Type           Power        Failure   Level  Hunger
a - Corona                Hex            ##.....      5%          1    #......
b - Ensorcelled Hibernat  Hex/Ice        #.....       16%         2    ###....
c - Confuse               Hex            ##......     16%         3    ###....

Your spell library contained the following spells:

 Spells                   Type           Power        Failure   Level  Hunger
 Tukima's Dance           Hex            ##......     16%         3    ###....
 Dazzling Spray           Conj/Hex       #.....       30%         3    ###....


Dungeon Overview and Level Annotations

Branches:
Dungeon (2/15)

Altars:


Innate Abilities, Weirdness & Mutations

You are small and have problems with some larger weapons.
You are carnivorous and can eat meat at any time.


Message History

Okay, then.
Casting: Corona (safe; 5% risk of failure)
Confirm with . or Enter, or press ? or * to list all spells.
Aiming: Ensorcelled Hibernation (safe; 16% risk of failure)
Press: ? - help, Shift-Dir - straight line, f - hobgoblin
Aim: a hobgoblin, wielding a +0 club (lightly wounded, chance to defeat MR: 55%)
The hobgoblin resists with significant effort.
The hobgoblin hits you with a +0 club.
* * * LOW HITPOINT WARNING * * *
Casting: Ensorcelled Hibernation (safe; 16% risk of failure)
Confirm with . or Enter, or press ? or * to list all spells.
Aiming: Ensorcelled Hibernation (safe; 16% risk of failure)
Press: ? - help, Shift-Dir - straight line, f/p - hobgoblin
Aim: a hobgoblin, wielding a +0 club (lightly wounded, chance to defeat MR: 55%)
The hobgoblin looks drowsy...
The helpless hobgoblin fails to defend itself.
You impale the hobgoblin!!
You kill the hobgoblin!
The frilled lizard bites you.
You die...

##.. ..... #...# #....
##.... #.....###########
#...##.l...... ### ###
#.....@)...... ..##...
#.#.##........ ..#..#
##.#.##........ .....
............... .$..
#.....##........ ..#####
.......#........
.....#....##.#.#........
.......#.# #. .#........
..####.ยง.# #. .#


You could see a frilled lizard.

Vanquished Creatures
  4 goblins (D:1)
  5 hobgoblins
  6 bats (D:1)
  4 frilled lizards (D:1)
  2 kobolds (D:1)
  3 rats (D:1)
24 creatures vanquished.

Notes
Turn   | Place    | Note
-------+----------+-------------------------------------------
     0 | D:1      | Borgoz the Kobold Enchanter began the quest for the Orb.
     0 | D:1      | Reached XP level 1. HP: 10/10 MP: 3/3
    85 | D:1      | Reached XP level 2. HP: 9/16 MP: 0/5
   361 | D:1      | Reached skill level 1 in Fighting
   747 | D:1      | Reached XP level 3. HP: 19/20 MP: 6/6
  1352 | D:1      | Learned a level 2 spell: Ensorcelled Hibernation
  1356 | D:1      | Learned a level 3 spell: Confuse
  1991 | D:2      | HP: 1/20 [hobgoblin/+0 club (3)]
  1993 | D:2      | Slain by a frilled lizard

Skill      XL: |  1  2 |
---------------+-------+-----
Fighting       | 1 |  1.5
Short Blades   | |  1.8
Dodging        | |  2.7
Stealth        | |  4.2
Spellcasting   | |  2.3
Hexes          | |  3.1

Action                   || total
-------------------------++-------
Melee: Dagger            ||    77
 Cast: Corona            ||     3
       Ensorcelled Hiber ||     2
  Use: Scroll            ||     1
 Stab: Sleeping          ||     6
  Eat: Chunk             ||     9
Armor: Robe              ||    24
Dodge: Dodged            ||    72
